General information
- name: BNet
- type: Ladder team game (AT/RT)
- host: Battle.net
- saver: BEAR_AND
map: Highperch
- players: 6
- length: 28:35
- speed: Fast
- version: 1.21 W3XP
- replay type:

» download(177 KB)
Players
team 1 (winner)
BEAR_AND (
teal | 116 APM | 3308 actions | 28:35)
6 Blademaster
3 Wind Walk
2 Critical Strike
1 Bladestorm
» actions
| Assign group hotkey | 11 | |
| Basic commands | 1 | |
| Build / train | 63 | |
| Enter build submenu | 27 | |
| Enter hero's abilities submenu | 7 | |
| Give item / drop item | 4 | |
| Remove unit from queue | 6 | |
| Right click | 2392 | |
| Select / deselect | 241 | |
| Select group hotkey | 394 | |
| Use ability | 162 | |
3308 total
» units
» upgrades
| Liquid Fire | 1 | |
| Ranged Weapons | 2 | |
3 total
» buildings
| Altar of Storms | 1 | |
| Orc Burrow | 4 | |
| War Mill | 1 | |
| Watch Tower | 18 | |
| Voodoo Lounge | 2 | |
| Stronghold | 1 | |
| Fortress | 2 | |
| Beastiary | 2 | |
31 total
» build order
00:08 Altar of Storms
00:18 Orc Burrow
00:34 War Mill
02:01 Watch Tower
02:05 Watch Tower
02:14 Watch Tower
02:25 Voodoo Lounge
02:55 Watch Tower
04:04 Watch Tower
04:30 Voodoo Lounge
04:33 Watch Tower
04:39 Watch Tower
05:10 Watch Tower
05:40 Stronghold
06:50 Watch Tower
06:58 Watch Tower
07:05 Watch Tower
08:04 Fortress
08:05 Fortress
08:18 Watch Tower
08:18 Watch Tower
08:20 Watch Tower
08:21 Watch Tower
10:17 Beastiary
10:19 Beastiary
11:45 Orc Burrow
11:47 Orc Burrow
14:17 Watch Tower
14:18 Watch Tower
14:21 Watch Tower
17:34 Orc Burrow
» items
| Healing Salve | 6 | |
| Lesser Clarity Potion | 11 | |
| Boots of Speed | 1 | |
| Staff of Teleportation | 1 | |
| Orb of Lightning | 1 | |
| Scroll of Town Portal | 3 | |
23 total
iggy_the_fisk (
green | 110 APM | 3140 actions | 28:34)
4 Archmage
2 Blizzard
2 Brilliance Aura
3 Blood Mage
2 Flame Strike
1 Siphon Mana
2 Pit Lord
1 Rain of Fire
1 Cleaving Attack
» actions
| Assign group hotkey | 139 | |
| Basic commands | 7 | |
| Build / train | 95 | |
| Enter build submenu | 51 | |
| Enter hero's abilities submenu | 9 | |
| Give item / drop item | 7 | |
| Right click | 1442 | |
| Select / deselect | 288 | |
| Select group hotkey | 919 | |
| Use ability | 183 | |
3140 total
» units
| Peasant | 19 | |
| Dragonhawk Rider | 4 | |
23 total
» upgrades
| Masonry | 3 | |
| Magic Sentry | 1 | |
| Lumber Harvesting | 2 | |
| Swords | 2 | |
| Armor | 2 | |
| Animal War Training | 1 | |
11 total
» buildings
| Altar of Kings | 1 | |
| Lumber Mill | 1 | |
| Farm | 7 | |
| Scout Tower | 40 | |
| Arcane Tower | 1 | |
| Guard Tower | 22 | |
| Arcane Vault | 1 | |
| Keep | 1 | |
| Arcane Sanctum | 1 | |
| Town Hall | 1 | |
| Castle | 1 | |
| Gryphon Aviary | 1 | |
| Barracks | 1 | |
| Blacksmith | 1 | |
80 total
» build order
00:06 Altar of Kings
00:19 Lumber Mill
00:23 Farm
01:07 Scout Tower
01:15 Farm
01:35 Arcane Tower
01:37 Scout Tower
01:38 Scout Tower
02:02 Scout Tower
02:11 Guard Tower
02:17 Scout Tower
02:19 Scout Tower
02:34 Guard Tower
03:05 Arcane Vault
03:09 Scout Tower
03:10 Guard Tower
04:03 Guard Tower
04:04 Scout Tower
04:05 Scout Tower
04:14 Scout Tower
04:47 Guard Tower
04:49 Scout Tower
04:59 Keep
05:02 Guard Tower
05:03 Scout Tower
05:17 Farm
05:17 Farm
05:18 Farm
05:22 Guard Tower
05:25 Scout Tower
05:30 Scout Tower
05:49 Guard Tower
05:51 Scout Tower
06:18 Guard Tower
06:22 Guard Tower
06:24 Scout Tower
06:30 Scout Tower
06:32 Scout Tower
06:45 Scout Tower
06:57 Guard Tower
07:12 Scout Tower
07:14 Guard Tower
07:15 Scout Tower
07:36 Arcane Sanctum
08:05 Guard Tower
08:21 Town Hall
10:18 Castle
10:31 Farm
10:32 Farm
10:34 Scout Tower
10:35 Scout Tower
10:36 Scout Tower
10:38 Scout Tower
11:29 Guard Tower
12:01 Guard Tower
12:13 Scout Tower
12:14 Scout Tower
12:16 Scout Tower
12:17 Scout Tower
12:18 Scout Tower
12:19 Scout Tower
12:27 Guard Tower
12:30 Gryphon Aviary
12:46 Scout Tower
13:08 Guard Tower
13:13 Scout Tower
17:07 Barracks
17:08 Blacksmith
17:24 Guard Tower
17:28 Scout Tower
17:30 Scout Tower
18:01 Guard Tower
18:04 Scout Tower
19:27 Guard Tower
19:30 Scout Tower
19:31 Scout Tower
19:36 Scout Tower
19:36 Scout Tower
20:32 Guard Tower
24:13 Guard Tower
» items
| Healing Salve | 3 | |
| Orb of Lightning | 3 | |
| Lesser Clarity Potion | 2 | |
| Scroll of Regeneration | 6 | |
| Staff of Sanctuary | 3 | |
| Scroll of Town Portal | 4 | |
| Boots of Speed | 2 | |
| Staff of Teleportation | 1 | |
24 total
TIMG4STRok (
red | 66 APM | 1888 actions | 28:34)
5 Beastmaster
3 Summon Bear
2 Summon Hawk
» actions
| Assign group hotkey | 12 | |
| Basic commands | 36 | |
| Build / train | 75 | |
| ESC pressed | 1 | |
| Enter build submenu | 49 | |
| Enter hero's abilities submenu | 6 | |
| Give item / drop item | 5 | |
| Right click | 1067 | |
| Select / deselect | 225 | |
| Select group hotkey | 286 | |
| Use ability | 126 | |
1888 total
» units
| Peasant | 14 | |
| Dragonhawk Rider | 9 | |
23 total
» upgrades
| Masonry | 3 | |
| Armor | 3 | |
| Swords | 3 | |
| Magic Sentry | 1 | |
| Animal War Training | 1 | |
| Cloud | 1 | |
12 total
» buildings
| Lumber Mill | 1 | |
| Altar of Kings | 1 | |
| Scout Tower | 42 | |
| Arcane Tower | 1 | |
| Farm | 13 | |
| Guard Tower | 20 | |
| Town Hall | 1 | |
| Keep | 1 | |
| Blacksmith | 1 | |
| Barracks | 1 | |
| Arcane Sanctum | 1 | |
| Arcane Vault | 1 | |
| Castle | 1 | |
| Gryphon Aviary | 1 | |
86 total
» build order
00:19 Lumber Mill
00:29 Altar of Kings
00:37 Scout Tower
01:06 Arcane Tower
01:08 Scout Tower
01:22 Farm
01:57 Guard Tower
01:58 Guard Tower
02:11 Farm
02:15 Scout Tower
02:38 Scout Tower
02:42 Scout Tower
02:43 Guard Tower
02:59 Scout Tower
03:12 Guard Tower
03:14 Scout Tower
03:30 Guard Tower
04:01 Scout Tower
04:02 Scout Tower
04:37 Guard Tower
04:41 Scout Tower
04:42 Scout Tower
05:12 Scout Tower
05:13 Scout Tower
05:15 Scout Tower
05:18 Scout Tower
05:19 Scout Tower
05:27 Guard Tower
05:42 Guard Tower
06:02 Town Hall
06:08 Guard Tower
06:35 Scout Tower
06:35 Scout Tower
06:37 Scout Tower
06:40 Scout Tower
06:40 Scout Tower
06:41 Scout Tower
06:41 Scout Tower
06:42 Scout Tower
06:43 Scout Tower
08:06 Guard Tower
08:09 Keep
08:19 Scout Tower
08:19 Scout Tower
08:20 Scout Tower
08:21 Scout Tower
08:53 Guard Tower
09:01 Guard Tower
10:20 Blacksmith
10:22 Barracks
11:12 Guard Tower
11:15 Arcane Sanctum
11:18 Arcane Vault
12:09 Castle
12:47 Scout Tower
12:50 Scout Tower
12:51 Scout Tower
12:53 Scout Tower
12:54 Scout Tower
13:56 Guard Tower
14:21 Guard Tower
17:00 Scout Tower
17:02 Scout Tower
17:03 Scout Tower
17:04 Scout Tower
17:21 Farm
17:21 Farm
17:24 Farm
17:27 Farm
17:27 Farm
17:28 Farm
17:29 Farm
17:37 Gryphon Aviary
17:43 Guard Tower
18:10 Guard Tower
21:45 Scout Tower
21:47 Scout Tower
21:47 Scout Tower
21:48 Scout Tower
22:15 Farm
22:16 Farm
22:19 Farm
22:39 Guard Tower
23:35 Guard Tower
27:56 Farm
» items
| Staff of Teleportation | 1 | |
| Boots of Speed | 1 | |
| Lesser Clarity Potion | 5 | |
| Healing Salve | 2 | |
| Orb of Lightning | 1 | |
| Tiny Great Hall | 1 | |
11 total
team 2 (loser)
Carter-Trey (
orange | 42 APM | 1200 actions | 28:33)
3 Demon Hunter
2 Mana Burn
1 Evasion
» actions
| Assign group hotkey | 16 | |
| Basic commands | 79 | |
| Build / train | 61 | |
| Enter build submenu | 22 | |
| Enter hero's abilities submenu | 3 | |
| Right click | 557 | |
| Select / deselect | 321 | |
| Select group hotkey | 82 | |
| Use ability | 59 | |
1200 total
» units
| Wisp | 16 | |
| Archer | 19 | |
| Glaive Thrower | 11 | |
| Chimaera | 5 | |
51 total
» upgrades
| Corrosive Breath | 1 | |
| Vorpal Blades | 1 | |
2 total
» buildings
| Moon Well | 9 | |
| Altar of Elders | 1 | |
| Ancient of War | 2 | |
| Ancient of Wonders | 1 | |
| Hunter's Hall | 1 | |
| Tree of Ages | 1 | |
| Tree of Eternity | 1 | |
| Ancient of Wind | 1 | |
| Chimaera Roost | 2 | |
19 total
» build order
00:05 Moon Well
00:07 Altar of Elders
00:23 Moon Well
00:48 Ancient of War
01:31 Moon Well
01:53 Ancient of Wonders
02:40 Ancient of War
04:41 Moon Well
05:03 Hunter's Hall
05:30 Tree of Ages
06:31 Moon Well
09:09 Tree of Eternity
10:06 Ancient of Wind
12:13 Moon Well
14:20 Moon Well
14:25 Moon Well
18:13 Chimaera Roost
20:22 Chimaera Roost
20:41 Moon Well
» items
| Scroll of Town Portal | 1 | |
| Dust of Appearance | 1 | |
2 total
IronManForever (
pink | 44 APM | 1237 actions | 28:12)
4 Tauren Chieftain
1 Shockwave
2 Endurance Aura
1 War Stomp
2 Shadow Hunter
1 Hex
1 Healing Wave
» actions
| Assign group hotkey | 27 | |
| Basic commands | 75 | |
| Build / train | 66 | |
| Enter build submenu | 15 | |
| Enter hero's abilities submenu | 6 | |
| Right click | 340 | |
| Select / deselect | 394 | |
| Select group hotkey | 250 | |
| Use ability | 64 | |
1237 total
» units
| Peon | 17 | |
| Grunt | 6 | |
| Demolisher | 11 | |
| Raider | 3 | |
| Kodo Beast | 1 | |
| Wind Rider | 1 | |
| Troll Batrider | 1 | |
40 total
» upgrades
| Pillage | 1 | |
| Berserker Strength | 1 | |
| Armor | 2 | |
| Burning Oil | 1 | |
| Ensnare | 1 | |
| Envenomed Spears | 1 | |
| Liquid Fire | 1 | |
| War Drums Damage Increase | 1 | |
9 total
» buildings
| Altar of Storms | 1 | |
| Orc Burrow | 6 | |
| Barracks | 2 | |
| Voodoo Lounge | 1 | |
| Stronghold | 1 | |
| War Mill | 1 | |
| Fortress | 1 | |
| Beastiary | 2 | |
| Great Hall | 1 | |
16 total
» build order
00:10 Altar of Storms
00:14 Orc Burrow
00:43 Barracks
01:39 Orc Burrow
02:00 Voodoo Lounge
02:34 Orc Burrow
03:26 Barracks
04:21 Stronghold
05:40 War Mill
07:09 Fortress
08:05 Orc Burrow
09:08 Orc Burrow
09:25 Orc Burrow
10:03 Beastiary
10:08 Beastiary
15:43 Great Hall
» items
| Healing Salve | 2 | |
| Dust of Appearance | 3 | |
| Boots of Speed | 1 | |
| Potion of Lesser Invulnerability | 1 | |
7 total
sephes (
yellow | 32 APM | 907 actions | 28:21)
3 Dreadlord
2 Carrion Swarm
1 Vampiric Aura
1 Lich
1 Frost Nova
» actions
| Assign group hotkey | 17 | |
| Basic commands | 14 | |
| Build / train | 59 | |
| Enter build submenu | 22 | |
| Enter hero's abilities submenu | 4 | |
| Remove unit from queue | 5 | |
| Right click | 313 | |
| Select / deselect | 246 | |
| Select group hotkey | 187 | |
| Use ability | 40 | |
907 total
» units
| Acolyte | 21 | |
| Ghoul | 6 | |
| Crypt Fiend | 6 | |
| Gargoyle | 4 | |
| Frost Wyrm | 4 | |
41 total
» upgrades
| Creature Attack | 2 | |
| Web | 1 | |
| Creature Carapace | 1 | |
| Freezing Breath | 1 | |
| Burrow | 1 | |
6 total
» buildings
| Altar of Darkness | 1 | |
| Ziggurat | 12 | |
| Graveyard | 1 | |
| Crypt | 2 | |
| Tomb of Relics | 1 | |
| Nerubian Tower | 1 | |
| Halls of the Dead | 1 | |
| Black Citadel | 1 | |
| Sacrificial Pit | 1 | |
| Boneyard | 1 | |
| Spirit Tower | -2 | |
20 total
» build order
00:11 Altar of Darkness
00:15 Ziggurat
00:54 Graveyard
01:23 Crypt
01:36 Crypt
01:45 Ziggurat
02:02 Tomb of Relics
03:24 Nerubian Tower
05:49 Halls of the Dead
07:33 Ziggurat
07:34 Ziggurat
09:24 Black Citadel
11:41 Sacrificial Pit
13:44 Boneyard
13:56 Ziggurat
14:45 Ziggurat
14:48 Ziggurat
14:55 Ziggurat
14:56 Ziggurat
17:25 Ziggurat
17:25 Ziggurat
17:26 Ziggurat
20:11 Spirit Tower
Chat log
(01:16 / All) TIMG4STRok: suck my dick, leave this game, shit breadth, etc
(01:26 / All) Carter-Trey: Gl and hf to you as well :)
(01:31 / All) BEAR_AND: bl dhf
(01:39 / All) BEAR_AND: (brilliant Luck, Do Have fun)
(14:19 / All) TIMG4STRok: u guys eat my shit yes?
(14:24 / All) BEAR_AND: u ever see a highperch
(23:34 / All) BEAR_AND: wow
(23:36 / All) BEAR_AND: shit
(23:37 / All) BEAR_AND: breadth
(23:39 / All) iggy_the_fisk: WOW
(23:43 / All) BEAR_AND: as my grandpa used to quote
(24:07 / All) iggy_the_fisk: losemysiegemanforever lol
(26:23 / All) iggy_the_fisk: noobterror
(27:54 / All) BEAR_AND: ugh out of gold
(27:55 / All) BEAR_AND: gg
(28:07 / All) iggy_the_fisk: Luckernoob....